 Dungeon Crawl Stone Soup version 0.28.0-1-gb440e238dd (webtiles) character file.

Game seed: 13588048931950422266

1284 Ablot the Grasshopper (level 8, -2/64 HPs)
             Began as a Gnoll Warper on Feb 19, 2022.
             Was a Follower of Okawaru.
             Slain by an orc (3 damage)
             ... on level 6 of the Dungeon.
             The game lasted 00:17:38 (9330 turns).

Ablot the Grasshopper (Gnoll Warper)                Turns: 9330, Time: 00:17:40

Health: -2/64      AC:  3    Str: 12    XL:     8   Next: 55%
Magic:  26/26      EV: 14    Int: 14    God:    Okawaru [*.....]
Gold:   241        SH:  0    Dex: 17    Spells: 17/19 levels left

rFire   . . .      SeeInvis .   a - +0 spear
rCold   . . .      Faith    +   (no shield)
rNeg    . . .      Spirit   .   b - +0 leather armour
rPois   .          Reflect  .   (no helmet)
rElec   .          Harm     .   (no cloak)
rCorr   .          Rampage  .   (no gloves)
Will    .....                   (no boots)
Stlth   ++........              w - amulet of faith
HPRegen 0.20/turn               k - ring of magical power
MPRegen 0.20/turn               q - +6 ring of dexterity

@: no status effects
A: fangs 1, strong nose, distributed training
a: Renounce Religion, Heroism


You were on level 6 of the Dungeon.
You worshipped Okawaru.
Okawaru was aware of your devotion.
You visited 2 branches of the dungeon, and saw 7 of its levels.
You also visited: Sewer and Ossuary.

You collected 423 gold pieces.
You spent 182 gold pieces at shops.

Inventory:

Hand Weapons
 a - a +0 spear (weapon)
 h - a +0 dagger of venom
Missiles
 d - 5 boomerangs of dispersal (quivered)
 g - 111 stones
 i - 105 arrows
 s - 13 poisoned darts
 x - 6 javelins
 y - a boomerang
Armour
 b - a +0 leather armour (worn)
 j - a +0 buckler
Jewellery
 k - a ring of magical power (left hand)
 q - a +6 ring of dexterity (right hand)
 w - an amulet of faith (around neck)
Wands
 A - a wand of paralysis (2)
Scrolls
 c - 5 scrolls of blinking
 e - a scroll of teleportation
 p - a scroll of magic mapping {unknown}
 r - 4 scrolls of fog
 v - 2 scrolls of fear
 B - 3 scrolls of enchant weapon {unknown}
 C - a scroll of summoning {unknown}
Potions
 f - 2 potions of mutation
 l - a potion of magic
 n - 2 potions of lignification {unknown}
 o - 3 potions of curing
 t - a potion of invisibility
 u - a potion of berserk rage {unknown}
 z - 2 potions of flight
 D - a potion of heal wounds {unknown}
 E - 2 potions of brilliance {unknown}


   Skills:
 + Level 5.7 Fighting
 + Level 3.3 Short Blades
 + Level 3.3 Long Blades
 + Level 3.3 Axes
 + Level 3.3 Maces & Flails
 + Level 5.7 Polearms
 + Level 3.3 Staves
 + Level 3.3 Slings
 + Level 3.3 Bows
 + Level 3.3 Crossbows
 + Level 4.3 Throwing
 + Level 4.3 Armour
 + Level 5.7 Dodging
 + Level 3.3 Stealth
 + Level 3.3 Shields
 + Level 3.3 Unarmed Combat
 + Level 6.1 Spellcasting
 + Level 2.7 Conjurations
 + Level 2.7 Hexes
 + Level 2.7 Summonings
 + Level 2.7 Necromancy
 + Level 6.1 Translocations
 + Level 2.7 Transmutations
 + Level 2.7 Fire Magic
 + Level 2.7 Ice Magic
 + Level 2.7 Air Magic
 + Level 2.7 Earth Magic
 + Level 2.7 Poison Magic
 + Level 3.7 Invocations
 + Level 3.3 Evocations


You had 17 spell levels left.
You knew the following spells:

 Your Spells              Type           Power      Damage    Failure   Level
a - Blink                 Tloc           42%        N/A       2%          2

Your spell library contained the following spells:

 Spells                   Type           Power      Damage    Failure   Level
 Gell's Gravitas          Tloc           21%        N/A       4%          3
 Lesser Beckoning         Tloc           21%        N/A       4%          3
 Teleport Other           Tloc           21%        N/A       4%          3
 Manifold Assault         Tloc           21%        N/A       41%         5
 Borgnjor's Vile Clutch   Necr/Erth      6%         N/A       87%         5
 Eringya's Noxious Bog    Tmut/Pois      6%         N/A       100%        6
 Animate Dead             Necr           Unusable   N/A       N/A         4
 Summon Forest            Summ/Tloc      Unusable   N/A       N/A         5
 Death Channel            Necr           Unusable   N/A       N/A         6
 Summon Hydra             Summ           Unusable   N/A       N/A         7

Dungeon Overview and Level Annotations

Branches:
Dungeon (6/15)             Temple (1/1) D:4           Sewer (visited)
Ossuary (visited)

Altars:
Ashenzari
Cheibriados
Dithmenos
Elyvilon
Fedhas
Gozag
Hepliaklqana
Kikubaaqudgha
Makhleb
Nemelex Xobeh
Okawaru
Ru
Sif Muna
Trog
Uskayaw
Vehumet
Wu Jian
Xom
Yredelemnul
Zin
The Shining One

Shops:
D:3 ?*!   D:4 (


Innate Abilities, Weirdness & Mutations

You have very sharp teeth.
Your uncanny sense of smell can sniff out nearby items.
Your experience applies equally to all skills.


Message History

You hit the centaur but do no damage.
The centaur is lightly wounded.
The centaur hits you. The centaur kicks you.
* * * LOW HITPOINT WARNING * * *
You hit the centaur but do no damage.
The centaur is lightly wounded.
The centaur hits you but does no damage.
The centaur barely misses you.
An orc comes into view. It is wielding a +0 club.
The centaur barely misses you. x2
You hit the centaur.
The centaur is moderately wounded.
The centaur closely misses you. x2; The orc misses you.
You hit the centaur. You bite the centaur.
The centaur is heavily wounded.
The centaur hits you.
* * * LOW HITPOINT WARNING * * *
The centaur kicks you.
* * * LOW HITPOINT WARNING * * *
The orc misses you.
You hit the centaur but do no damage.
The centaur is heavily wounded.
The centaur hits you.
* * * LOW HITPOINT WARNING * * *
The centaur closely misses you. The centaur misses you.
The centaur completely misses you. The orc closely misses you.
You hit the centaur.
You punch the centaur, but do no damage.
The centaur is severely wounded.
The centaur barely misses you. x2
Unknown command.
The orc barely misses you. The centaur hits you.
* * * LOW HITPOINT WARNING * * *
The centaur completely misses you.
You hit the centaur but do no damage.
The centaur is severely wounded.
The centaur hits you.
* * * LOW HITPOINT WARNING * * *
The centaur closely misses you. The orc hits you with a +0 club.
You die...

#### .... .. ##≈
#........ .≈.
##≈≈≈#.... .. ..≈.
#≈≈≈≈#.... .##..≈.
≈≈≈≈≈#...##.#.....
≈≈≈≈≈....#........
≈≈≈≈..............
.≈≈......@.#
≈......<.oc##..##
.....#..#o.J.....
.#? #..##?.o....
#..###....... ##.
........ ..
........ ...
...?...$ ....
.......


You could see a centaur, a jelly and 3 orcs.

Vanquished Creatures
  Sigmund (D:2)
  An ice beast (D:5)
  A centaur (D:4)
  2 bullfrogs (Sewer)
  A scorpion (D:5)
  A water moccasin zombie (D:5)
  A water moccasin skeleton (D:4)
  A howler monkey (D:4)
  A hound (D:5)
  A jelly (D:5)
  Natasha (thrice) (D:2)
  Terence (D:2)
  2 iguanas
  8 mummies (Ossuary)
  5 gnolls
  13 adders
  2 adder skeletons
  A worm (D:2)
  4 orcs
  7 bats
  18 endoplasms
  11 giant cockroaches
  4 goblins
  9 hobgoblins
  13 jackals
  8 kobolds
  8 quokkas
  12 ball pythons
  6 frilled lizards
  A gnoll zombie (Ossuary)
  2 hobgoblin zombies (Ossuary)
  2 kobold zombies (Ossuary)
  3 orc zombies (Ossuary)
  8 rats
162 creatures vanquished.

Vanquished Creatures (others)
  34 plants
34 creatures vanquished.

Grand Total: 196 creatures vanquished

Notes
Turn   | Place    | Note
-------+----------+-------------------------------------------
     0 | D:1      | Ablot the Gnoll Warper began the quest for the Orb.
     0 | D:1      | Reached XP level 1. HP: 20/20 MP: 6/6
   266 | D:1      | Reached XP level 2. HP: 25/26 MP: 7/7
  1187 | D:2      | Noticed Sigmund
  1210 | D:2      | Killed Sigmund
  1211 | D:2      | Reached skill level 1 in Short Blades
  1211 | D:2      | Reached skill level 1 in Long Blades
  1211 | D:2      | Reached skill level 1 in Axes
  1211 | D:2      | Reached skill level 1 in Maces & Flails
  1211 | D:2      | Reached skill level 1 in Staves
  1211 | D:2      | Reached skill level 1 in Slings
  1211 | D:2      | Reached skill level 1 in Bows
  1211 | D:2      | Reached skill level 1 in Crossbows
  1211 | D:2      | Reached skill level 1 in Stealth
  1211 | D:2      | Reached skill level 1 in Shields
  1211 | D:2      | Reached skill level 1 in Unarmed Combat
  1211 | D:2      | Reached skill level 5 in Spellcasting
  1211 | D:2      | Reached skill level 1 in Conjurations
  1211 | D:2      | Reached skill level 1 in Hexes
  1211 | D:2      | Reached skill level 1 in Summonings
  1211 | D:2      | Reached skill level 1 in Necromancy
  1211 | D:2      | Reached skill level 1 in Transmutations
  1211 | D:2      | Reached skill level 1 in Fire Magic
  1211 | D:2      | Reached skill level 1 in Ice Magic
  1211 | D:2      | Reached skill level 1 in Air Magic
  1211 | D:2      | Reached skill level 1 in Earth Magic
  1211 | D:2      | Reached skill level 1 in Poison Magic
  1211 | D:2      | Reached skill level 1 in Invocations
  1211 | D:2      | Reached skill level 1 in Evocations
  1211 | D:2      | Reached XP level 3. HP: 3/32 MP: 9/9
  1211 | D:2      | Reached XP level 4. HP: 3/38 MP: 11/11
  1211 | D:2      | Reached XP level 5. HP: 4/43 MP: 12/12
  1595 | D:2      | Found a shimmering altar of Xom.
  1658 | D:2      | Noticed Terence
  1671 | D:2      | Killed Terence
  1813 | D:2      | Reached XP level 6. HP: 50/50 MP: 13/13
  2043 | D:2      | Noticed Natasha
  2058 | D:2      | Killed Natasha
  2564 | D:2      | Noticed Natasha
  2576 | D:2      | Killed Natasha
  2577 | D:2      | Reached skill level 5 in Fighting
  2577 | D:2      | Reached skill level 5 in Polearms
  2577 | D:2      | Reached skill level 5 in Dodging
  2657 | D:2      | Noticed Natasha
  2660 | D:2      | Killed Natasha
  3003 | D:3      | Found a faded altar of an unknown god.
  3017 | D:3      | Found Arhah's Assorted Antiques.
  3172 | D:3      | Found Apaniganni's Distillery.
  3197 | D:3      | Bought a potion of curing for 42 gold pieces
  3288 | D:3      | Found Gooczon's Magic Scroll Boutique.
  3342 | D:3      | Bought a scroll of fear for 35 gold pieces
  3342 | D:3      | Bought a scroll of identify for 20 gold pieces
  3342 | D:3      | Bought a scroll of fog for 20 gold pieces
  3379 | D:4      | Found Anuog's Antique Weapon Boutique.
  3569 | D:4      | Found a glowing drain.
  3577 | Sewer    | Entered a sewer
  3644 | Sewer    | Reached XP level 7. HP: 56/56 MP: 15/15
  5580 | D:4      | Found a staircase to the Ecumenical Temple.
  5587 | Temple   | Entered the Ecumenical Temple
  5805 | Temple   | Became a worshipper of Warmaster Okawaru
  6238 | D:5      | Entered Level 5 of the Dungeon
  6344 | D:5      | Found a sand-covered staircase.
  6351 | Ossuary  | Entered an ossuary
  6382 | Ossuary  | Reached XP level 8. HP: 62/63 MP: 16/16
  7371 | D:4      | Learned a level 2 spell: Blink
  8041 | D:5      | HP: 2/63 [ice beast (6)]
  8091 | D:3      | Bought a scroll of teleportation for 30 gold pieces
  8091 | D:3      | Bought a scroll of fear for 35 gold pieces
  8476 | D:5      | Reached * piety under Okawaru
  9099 | D:4      | HP: 2/64 [ice beast (11)]
  9121 | D:5      | HP: 1/64 [black bear (3)]
  9330 | D:6      | HP: 1/64 [centaur (6)]
  9330 | D:6      | Slain by an orc

Illustrated notes

Levels and vault maps discovered:
D:1:      mrwooster_arrival_arrow, layout_basic, serial_forest,
          infiniplex_forest_corner_1, infiniplex_forest_end_2,
          infiniplex_forest_zigzag_2, infiniplex_forest_lined_2,
          infiniplex_forest_straight_4, infiniplex_forest_clump_long,
          infiniplex_forest_clump_cross, infiniplex_forest_lined_corner,
          infiniplex_forest_clump_cross
D:2:      layout_basic, basic_altar, serial_bayou, serial_bayou_crossing,
          serial_bayou_ford_a, serial_bayou_lagoon_b, serial_bayou_pond_e,
          serial_bayou_pond_c, minmay_cut_off, uniq_sigmund, uniq_natasha,
          uniq_terence
D:3:      layout_basic, serial_shops, nicolae_diamond_shop, shop,
          nicolae_diamond_shop, ebering_ecumenical_altar_sacrificial,
          guppyfry_early_lair_pool
D:4:      layout_gridville, temple_green, portal_sewer_entry_a,
          nicolae_stop_n_shop_1
D:5:      layout_basic, nicolae_ossuary_entry_ruins, serial_corexii_hall,
          corexii_hall_statues_s, chequers_hall_statues_wall_a
D:6:      layout_cave_pools, grunt_qazlal_sundering, serial_rivers,
          chequers_serial_rivers_large_b, chequers_serial_rivers_micro_c,
          chequers_serial_rivers_large_a, chequers_serial_rivers_micro_a,
          chequers_serial_rivers_marsh, kennysheep_generic_room_10
Temple:   mainiacjoe_temple_archimedes_tessellation

Skill      XL: |  1  2  3  4  5  6  7  8 |
---------------+-------------------------+-----
Short Blades   | 1 2 3 |  3.3
Long Blades    | 1 2 3 |  3.3
Axes           | 1 2 3 |  3.3
Maces & Flails | 1 2 3 |  3.3
Staves         | 1 2 3 |  3.3
Slings         | 1 2 3 |  3.3
Bows           | 1 2 3 |  3.3
Crossbows      | 1 2 3 |  3.3
Throwing       | 3 4 |  4.3
Armour         | 3 4 |  4.3
Stealth        | 1 2 3 |  3.3
Shields        | 1 2 3 |  3.3
Unarmed Combat | 1 2 3 |  3.3
Spellcasting   | 5 6 |  6.1
Conjurations   | 1 2 |  2.7
Hexes          | 1 2 |  2.7
Summonings     | 1 2 |  2.7
Necromancy     | 1 2 |  2.7
Transmutations | 1 2 |  2.7
Fire Magic     | 1 2 |  2.7
Ice Magic      | 1 2 |  2.7
Air Magic      | 1 2 |  2.7
Earth Magic    | 1 2 |  2.7
Poison Magic   | 1 2 |  2.7
Invocations    | 1 2 3 |  3.7
Evocations     | 1 2 3 |  3.3
Fighting       | 5 |  5.7
Polearms       | 5 |  5.7
Dodging        | 5 |  5.7
Translocations | 6 |  6.1

Action                   |  1- 3 |  4- 6 |  7- 9 || total
-------------------------+-------+-------+-------++-------
Melee: Spear             |    85 |       |   282 ||   367
       Bite              |    18 |    32 |    71 ||   121
       Dagger            |    53 |   224 |   250 ||   527
       Punch             |     5 |     5 |    18 ||    28
 Cast: Blink             |       |       |     4 ||     4
  Use: Scroll            |       |     2 |     4 ||     6
       Potion            |       |       |     2 ||     2
 Stab: Sleeping          |     1 |     5 |     2 ||     8
Armor: Leather armour    |    21 |    50 |    69 ||   140
Dodge: Dodged            |    80 |   184 |   337 ||   601
